 Dungeon Sprint DCSS version 0.26-a0-660-gc07710193c (webtiles) character file.

Game seed: 9046662129998905491

135 rocky1 the Shield-Bearer (level 4, -18/35 HPs)
             Began as a Demonspawn Fighter on Oct 8, 2020.
             Demolished by a shadow (31 damage)
             ... in the Dungeon (Sprint III: "The Ten Rune Challenge").
             The game lasted 00:02:30 (487 turns).

rocky1 the Shield-Bearer (Demonspawn Fighter)        Turns: 487, Time: 00:02:30

Health: -18/35     AC:  8    Str: 18    XL:     4   Next: 97%
Magic:  0/4        EV:  7    Int:  7    God:
Gold:   31         SH: 10    Dex: 12    Spells: 3/3 levels left

rFire    . . .     SeeInvis .   a - +0 flail
rCold    . . .     Faith    .   c - +0 kite shield
rNeg     . . .     Spirit   +   b - +0 scale mail
rPois    .         Reflect  .   (no helmet)
rElec    .         Harm     .   (no cloak)
rCorr    .         Rampage  .   (no gloves)
MR       +....     NoTele   +   (no boots)
Stlth    ..........             (no amulet)
HPRegen  0.11/turn              (no ring)
MPRegen  0.09/turn              (no ring)

@: no status effects
A: molten scales 1, blink, dopey 1, magic resistance 1, wild magic 1, magic
shield
a: Blink


You were in the Dungeon.
You visited 1 branch You collected 31 gold pieces.

Inventory:

Hand Weapons
 a - a +0 flail (weapon)
Armour
 b - a +0 scale mail (worn)
 c - a +0 kite shield (worn)
Scrolls
 g - a scroll of torment {unknown}
 j - a scroll of blinking
 k - 2 scrolls of amnesia {unknown}
 l - 3 scrolls of remove curse
 n - a scroll of holy word {unknown}
 o - 2 scrolls of identify
Potions
 d - a potion of might
 e - a potion of curing
 h - 3 potions of magic
 m - 2 potions of flight {unknown}


   Skills:
 - Level 3.0 Fighting
 + Level 6.6 Maces & Flails
 - Level 2.6 Armour
 + Level 6.9 Shields


You had 3 spell levels left.
You didn't know any spells.
Your spell library was empty.

Dungeon Overview and Level Annotations

Branches:
Dungeon (1/1)

Altars:


Innate Abilities, Weirdness & Mutations

You are partially covered in molten scales. (AC +2)
When hurt, damage is shared between your health and your magic reserves.
You can translocate small distances at will.
You are dopey. (Int -2)
You are resistant to hostile enchantments. (MR+)
Your spells are a little harder to cast, but a little more powerful.


Message History

The shadow is severely damaged.
The shadow slips into darkness.
The shadow flickers and vanishes!
Deactivating autopickup; reactivate with Ctrl-A.
You closely miss something.
The shadow strikes at you from the darkness!
Reactivating autopickup.
The shadow hits you!
You closely miss the shadow.
The shadow is severely damaged.
You block the shadow's attack.
You hit the shadow.
The shadow is almost destroyed.
The shadow slips into darkness.
The shadow flickers and vanishes!
Deactivating autopickup; reactivate with Ctrl-A.
You barely miss something.
The shadow strikes at you from the darkness!
Ouch! That really hurt!
You die...

▓ ▓▓▓ ♣♣ ♣.# .♣
♣♣.# * .♣ ♣..# , ♣
*♣..###+#+###+##
♣♣ ♣♣.#..........#
≈♣♣♣..'.⌠........#
≈≈≈.♣.#...######@#
≈≈....#.⌠.# #.{.#
≈.....#...# _#...#
......#+### _#...#
......# #...+
......# +...#
▓▓▓▓▓▓▓ ▓▓▓▓▓ *
≈** ≈


There were no monsters in sight!

Vanquished Creatures
  A water elemental (D)
  A jelly (D)
  A human (D)
  A wolf (D)
  2 oozes (D)
  2 rats (D)
8 creatures vanquished.

Notes
Turn   | Place    | Note
-------+----------+-------------------------------------------
     0 | D        | rocky1 the Demonspawn Fighter began the quest for the Orb.
     0 | D        | Reached XP level 1. HP: 18/18 MP: 1/1
    11 | D        | Gained mutation: You are partially covered in molten
                  | scales. (AC +2) [demonic ancestry]
    11 | D        | Reached XP level 2. HP: 18/24 MP: 2/2
   128 | D        | Gained mutation: When hurt, damage is shared between your
                  | health and your magic reserves. [demonic ancestry]
   128 | D        | Reached XP level 3. HP: 27/29 MP: 3/3
   146 | D        | Reached skill level 5 in Shields
   168 | D        | Gained mutation: You have large cloven feet. [potion of
                  | mutation]
   168 | D        | Gained mutation: Your mind is acute. (Int +2) [potion of
                  | mutation]
   169 | D        | Lost mutation: Your mind is acute. (Int +2) [potion of
                  | mutation]
   169 | D        | Lost mutation: You have large cloven feet. [potion of
                  | mutation]
   169 | D        | Gained mutation: You expend magic power (3 MP) to
                  | strengthen your wands. [potion of mutation]
   169 | D        | Gained mutation: You can translocate small distances at
                  | will. [potion of mutation]
   169 | D        | Gained mutation: You have a pair of small horns on your
                  | head. [potion of mutation]
   170 | D        | Lost mutation: You have a pair of small horns on your head.
                  | [potion of mutation]
   170 | D        | Lost mutation: You can translocate small distances at will.
                  | [potion of mutation]
   170 | D        | Lost mutation: You expend magic power (3 MP) to strengthen
                  | your wands. [potion of mutation]
   170 | D        | Gained mutation: You have large cloven feet. [potion of
                  | mutation]
   170 | D        | Gained mutation: Your system is resistant to poisons.
                  | (rPois) [potion of mutation]
   170 | D        | Gained mutation: You passively map a small area around you.
                  | [potion of mutation]
   171 | D        | Lost mutation: Your system is resistant to poisons. (rPois)
                  | [potion of mutation]
   171 | D        | Lost mutation: You passively map a small area around you.
                  | [potion of mutation]
   171 | D        | Gained mutation: Your magical capacity is low. (-10% MP)
                  | [potion of mutation]
   171 | D        | Gained mutation: You can translocate small distances at
                  | will. [potion of mutation]
   171 | D        | Gained mutation: You are agile. (Dex +2) [potion of
                  | mutation]
   172 | D        | Lost mutation: You are agile. (Dex +2) [potion of mutation]
   172 | D        | Lost mutation: Your magical capacity is low. (-10% MP)
                  | [potion of mutation]
   172 | D        | Lost mutation: You have large cloven feet. [potion of
                  | mutation]
   172 | D        | Gained mutation: You are dopey. (Int -2) [potion of
                  | mutation]
   172 | D        | Gained mutation: You are resistant to hostile enchantments.
                  | (MR+) [potion of mutation]
   172 | D        | Gained mutation: Your spells are a little harder to cast,
                  | but a little more powerful. [potion of mutation]
   277 | D        | Noticed a water elemental
   283 | D        | Killed a water elemental
   283 | D        | Reached XP level 4. HP: 28/35 MP: 0/4
   475 | D        | Noticed a shadow
   487 | D        | Demolished by a shadow

Illustrated notes

Levels and vault maps discovered:
D:        dungeon_sprint_mu [sprint_mu_entry_forest, sprint_mu_temple_rooms,
          sprint_mu_d1_horrors, sprint_mu_d2_genie, sprint_mu_d3_branching,
          sprint_mu_orc_legion, sprint_mu_elf_gauntlet, sprint_mu_hive_nellie,
          sprint_mu_lair_fedhas, sprint_mu_vaults_butterflies,
          sprint_mu_slime_circle, sprint_mu_swamp_cave, sprint_mu_snake_twists,
          sprint_mu_blade_basic, sprint_mu_crypt_chambers,
          sprint_mu_tomb_spiral, sprint_mu_vestibule_basic,
          sprint_mu_gehenna_hellfire, sprint_mu_dis_giant,
          sprint_mu_tartarus_statrot, sprint_mu_cocytus_islands, sprint_mu_zot1]

Skill      XL: |  1  2  3 |
---------------+----------+-----
Maces & Flails | 3 4 6 |  6.6
Shields        | 3 4 6 |  6.9
Fighting       | |  3.0
Armour         | |  2.6

Action                   |  1- 3 |  4- 6 || total
-------------------------+-------+-------++-------
Melee: Flail             |    43 |    14 ||    57
  Use: Potion            |     7 |     1 ||     8
Armor: Scale mail        |     8 |       ||     8
Dodge: Dodged            |    10 |     1 ||    11
Block: Kite shield       |    18 |     3 ||    21

Table legend: (Time is in decaauts)
 A = Elapsed time spent in this place.
 B = Non-inter-level travel time spent in this place.
 C = Inter-level travel time spent in this place.
 D = Time resting spent in this place.
 E = Time spent auto-exploring this place.
 F = Levels seen in this place.
 G = Mean time per level.
                   A        B        C        D        E       F      G
               +--------+--------+--------+--------+--------+-----+--------+
         Total |    487 |    487 |      0 |    312 |      0 |   1 |  487.0 |
       Dungeon |    487 |    487 |      0 |    312 |      0 |   1 |  487.0 |
               +--------+--------+--------+--------+--------+-----+--------+

Top non-repeatable levels by time:
       D: 487 daAuts
